 Dungeon Crawl Stone Soup version 0.31-a0-1082-g7d1fb776a8 (webtiles) character file.

Game seed: 14685558909299432828

3489 Darkflo474 the Cleaver (level 10, 0/86 HPs)
             Began as a Hill Orc Fighter on Nov 27, 2023.
             Was a High Priest of Jiyva.
             Slain by Joseph
             ... wielding a +0 quarterstaff
              (7 damage)
             ... on level 8 of the Dungeon.
             The game lasted 00:34:12 (5240 turns).

Darkflo474 the Cleaver (Hill Orc Fighter)           Turns: 5240, Time: 00:34:12

Health: 0/86       AC:  7    Str: 22    XL:     10   Next: 7%
Magic:  10/10      EV: 12    Int: 14    God:    Jiyva [*****.]
Gold:   400        SH:  6    Dex: 17    Spells: 9/9 levels left

rFire   . . .        s - +4 morningstar
rCold   . . .        c - +0 buckler
rNeg    . . .        n - +2 ring mail "Nureiffu" {*Slow rPois Will+ Dex+5}
rPois   +            (no helmet)
rElec   .            (no cloak)
rCorr   +            e - +0 pair of gloves
SInv    .            (no boots)
Will    +....        (no amulet)
Stlth   +            m - +6 ring of intelligence
HPRegen 1.78/turn    (no ring)
MPRegen 0.57/turn

%: slow self (1%), resist mutation
@: no status effects
A: mutation resistance 3, poison resistance, pseudopods 1
a: Renounce Religion, Oozemancy, Slimify


You were on level 8 of the Dungeon.
You worshipped Jiyva.
Jiyva was extremely pleased with you.
You visited 1 branch of the dungeon, and saw 8 of its levels.

You collected 400 gold pieces.

Inventory:

Hand Weapons
 a - a +1 war axe
 i - a +1 dagger of draining
 j - a +2 falchion of freezing
 p - a +2 glaive of venom
 s - a +4 morningstar (weapon)
 t - a +1 scimitar
 u - a +1 spear
 x - a +2 dagger of freezing
Missiles
 q - a throwing net (quivered)
Armour
 b - a +0 scale mail
 c - a +0 buckler (worn)
 e - a +0 pair of gloves (worn)
 n - the +2 ring mail "Nureiffu" (worn) {*Slow rPois Will+ Dex+5}
   (You found it on level 5 of the Dungeon)

   Dex+5:     It affects your dexterity (+5).
   rPois:     It protects you from poison Will+: It increases your willpower.
   *Slow:     It may slow you when you take damage.
Jewellery
 m - a +6 ring of intelligence (left hand)
Talismans
 l - a talisman of death
Scrolls
 d - 2 scrolls of noise
 g - 3 scrolls of fear
 v - a scroll of vulnerability
 y - a scroll of teleportation
Potions
 f - 2 potions of cancellation
 h - a potion of enlightenment {unknown}
 k - 2 potions of mutation {unknown}
 o - a potion of curing
 r - 3 potions of degeneration
 w - a potion of magic {unknown}


   Skills:
 + Level 7.5 Fighting
 + Level 10.0(10.9) Axes
 + Level 5.5(7.7) Maces & Flails
 + Level 1.8 Throwing
 + Level 6.9 Armour
 + Level 3.8 Dodging
 + Level 0.6 Stealth
 + Level 6.2 Shields


You had 9 spell levels left.
You didn't know any spells.
Your spell library contained the following spells:

 Spells                   Type           Power      Damage    Failure   Level
 Magic Dart               Conj           0%         1d3       45%         1
 Call Imp                 Summ           0%         N/A       61%         2
 Dazzling Flash           Conj/Hex       0%         N/A       83%         3
 Mephitic Cloud           Conj/Pois/Air  0%         N/A       83%         3
 Volatile Blastmotes      Fire/Tloc      0%         2d10      83%         3
 Starburst                Conj/Fire      0%         6d3       100%        6
 Maxwell's Capacitive Co  Air            0%         ∞         100%        8


Dungeon Overview and Level Annotations

Branches:
Dungeon (8/15)             Temple (0/1) D:5
   Lair: D:8-11

Altars:
Ashenzari
Elyvilon
Gozag
Kikubaaqudgha
Okawaru
Qazlal
Ru
Sif Muna
Wu Jian
The Shining One
Jiyva

Shops:
D:1 :   D:3 (   D:8 [(?

Annotations:
D:5 2 runed translucent doors, Jano's ghost, novice OpFE
D:8 Joseph


Innate Abilities, Weirdness & Mutations

You are almost entirely resistant to further mutation and mutation removal.
Your system is resistant to poisons. (rPois)
Armour fits poorly on your pseudopods.


Message History

You puncture the yak!
You kill the yak!
The yak gores you.
Your base Maces & Flails skill increases to level 5!
You have reached level 10!
You feel stronger.
You thump the yak!
The yak is heavily wounded.
You block the yak's attack. The yak gores you but does no damage.
You hit the yak. You bludgeon the yak, but do no damage.
The yak is heavily wounded.
You block the yak's attack. The yak gores you.
You puncture the yak! Your bludgeon misses the yak.
The yak is almost dead.
The yak gores you but does no damage. You block the yak's attack.
The yak gores you but does no damage.
You hit the yak. You bludgeon the yak.
You kill the yak!
The yak misses you.
Joseph shoots a sling bullet.
The sling bullet hits you. You block the yak's attack.
Joseph unwields a +0 sling.
Joseph wields a +0 quarterstaff.
Joseph hits you with a +0 quarterstaff. You block the yak's attack.
You barely miss Joseph. Joseph hits you with a +0 quarterstaff.
The yak closely misses you.
You hit Joseph.
Joseph is lightly wounded.
Joseph hits you with a +0 quarterstaff! The yak closely misses you.
Joseph hits you with a +0 quarterstaff!
* * * LOW HITPOINT WARNING * * *
You barely miss Joseph.
Joseph is lightly wounded.
The yak gores you but does no damage. Joseph hits you with a +0 quarterstaff!
* * * LOW HITPOINT WARNING * * *
As you read the scroll of identify, it crumbles to dust.
r - 3 potions of degeneration The yak closely misses you.
Joseph closely misses you.
It was a potion of curing.
You feel better. The yak gores you!
* * * LOW HITPOINT WARNING * * *
Joseph hits you with a +0 quarterstaff!
You die...

#....∩.....#
#.###.###
#.###.######
#.......# #.#
#.# #.......#
#.# #.#
######........
#.# #.#
#............#
#.# #.#
#.####.......#
#.# #.#
#.......# #.#
#.# #@......#
#.##@##.####
#..Y.# .#
#.#### .# #


You could see Joseph and a yak.

Vanquished Creatures
  Psyche (D:8)
  Grinder (D:4)
  2 yaks (D:8)
  Menkaure (D:6)
  A water moccasin (D:7)
  3 ice beasts (D:6)
  A black bear (D:4)
  4 orc warriors
  An ogre (D:4)
  2 centaurs (D:8)
  A kobold brigand (D:8)
  2 phantoms
  2 bullfrogs (D:7)
  A gnoll sergeant (D:7)
  2 scorpions
  2 wights (D:6)
  4 howler monkeys
  4 hounds
  4 orc priests
  A gnoll bouda (D:5)
  A sleepcap (D:4)
  An iguana (D:6)
  3 orc wizards
  11 gnolls
  5 adders
  3 ufetubi (D:6)
  2 worms
  5 dart slugs
  31 orcs
  2 ball pythons (D:2)
  3 endoplasms
  A giant cockroach (D:2)
  3 goblins
  7 hobgoblins
  2 quokkas
  A bat (D:2)
  9 kobolds
  4 rats
134 creatures vanquished.

Vanquished Creatures (collateral kills)
  A steam dragon (D:8)
1 creature vanquished.

Vanquished Creatures (others)
  A black bear (D:5)
  2 scorpions
  A wight (D:6)
  5 jellies
  A hound (D:5)
  An orc wizard (D:8)
  2 adders
  A shadow imp (D:7)
  An ufetubus (D:6)
  A worm (D:3)
  2 dart slugs
  12 orcs
  3 endoplasms
  A giant cockroach (D:3)
  2 goblins (D:4)
  2 hobgoblins
  A quokka (D:4)
  3 kobolds (D:4)
42 creatures vanquished.

Grand Total: 177 creatures vanquished

Notes
Turn   | Place    | Note
-------+----------+-------------------------------------------
     0 | D:1      | Darkflo474 the Hill Orc Fighter began the quest for the
                  | Orb.
     0 | D:1      | Reached XP level 1. HP: 19/19 MP: 1/1
   247 | D:1      | Found Guoxy's Vocational Training.
   667 | D:1      | Reached XP level 2. HP: 27/27 MP: 2/2
   727 | D:2      | Reached skill level 3 in Axes
   912 | D:2      | Reached XP level 3. HP: 25/33 MP: 3/3
  1222 | D:2      | Found a faded altar of an unknown god.
  1229 | D:2      | Prayed at the altar of an unknown god.
  1229 | D:2      | Became a worshipper of Jiyva Jutsyoth the Shapeless
  1229 | D:2      | Reached * piety under Jiyva
  1562 | D:3      | Found Xiuvenei's Weapon Shoppe.
  1576 | D:3      | Reached XP level 4. HP: 40/40 MP: 4/4
  1629 | D:3      | Reached ** piety under Jiyva
  1638 | D:3      | Reached skill level 4 in Axes
  1906 | D:4      | Found a broken altar of Ashenzari.
  2024 | D:4      | Noticed a black bear
  2035 | D:4      | Killed a black bear
  2036 | D:4      | Reached skill level 5 in Axes
  2036 | D:4      | Reached XP level 5. HP: 20/47 MP: 5/5
  2103 | D:4      | Reached XP level 6. HP: 53/53 MP: 6/6
  2207 | D:4      | Noticed Grinder
  2207 | D:4      | Paralysed by Grinder for 3 turns
  2224 | D:4      | Reached skill level 6 in Axes
  2224 | D:4      | Reached skill level 1 in Dodging
  2231 | D:4      | Paralysed by Grinder for 2 turns
  2234 | D:4      | Killed Grinder
  2235 | D:4      | Reached skill level 5 in Fighting
  2235 | D:4      | Reached skill level 7 in Axes
  2235 | D:4      | Reached skill level 1 in Throwing
  2235 | D:4      | Reached skill level 5 in Armour
  2235 | D:4      | Reached XP level 7. HP: 36/61 MP: 7/7
  2563 | D:5      | Entered Level 5 of the Dungeon
  2598 | D:5      | Reached *** piety under Jiyva
  2598 | D:5      | Gained mutation: Armour fits poorly on your pseudopods.
                  | [Jiyva's grace]
  2598 | D:5      | Gained mutation: Armour fits poorly on your large
                  | pseudopods. [Jiyva's grace]
  2598 | D:5      | Gained mutation: Armour fits poorly on your massive
                  | pseudopods. [Jiyva's grace]
  2598 | D:5      | Gained mutation: Your melee attacks may engulf your foes in
                  | ooze. [Jiyva's grace]
  2662 | D:5      | Found a large runed translucent door.
  2662 | D:5      | Found a large runed translucent door.
  2663 | D:5      | Noticed Jano's ghost (novice OpFE)
  2787 | D:5      | Identified the +2 ring mail "Nureiffu" {*Slow rPois Will+
                  | Dex+5}
  2922 | D:5      | Found a staircase to the Ecumenical Temple.
  3039 | D:5      | Reached skill level 8 in Axes
  3039 | D:5      | Reached XP level 8. HP: 65/69 MP: 8/8
  3405 | D:6      | Reached skill level 9 in Axes
  3564 | D:6      | Noticed Menkaure
  3576 | D:6      | Killed Menkaure
  3582 | D:6      | Found a white marble altar of Elyvilon.
  3587 | D:6      | Reached **** piety under Jiyva
  3631 | D:6      | Found a stormy altar of Qazlal.
  3713 | D:6      | Found an ornate altar of the Wu Jian Council.
  3766 | D:6      | Reached XP level 9. HP: 57/73 MP: 9/9
  4125 | D:7      | Reached skill level 1 in Maces & Flails
  4244 | D:7      | Reached skill level 10 in Axes
  4249 | D:7      | Reached skill level 5 in Shields
  4665 | D:7      | Found a sacrificial altar of Ru.
  4666 | D:7      | Found an ancient bone altar of Kikubaaqudgha.
  4667 | D:7      | Found a shimmering blue altar of Sif Muna.
  4681 | D:7      | Found an iron altar of Okawaru.
  4752 | D:8      | Reached ***** piety under Jiyva
  4764 | D:8      | Found a glowing golden altar of the Shining One.
  4764 | D:8      | Found an opulent altar of Gozag.
  4923 | D:8      | Found Veco's Magic Scroll Emporium.
  4991 | D:8      | Lost mutation: Armour fits poorly on your massive
                  | pseudopods. [Jiyva's grace]
  4991 | D:8      | Lost mutation: Armour fits poorly on your large pseudopods.
                  | [Jiyva's grace]
  4991 | D:8      | Lost mutation: Your melee attacks may engulf your foes in
                  | ooze. [Jiyva's grace]
  4991 | D:8      | Gained mutation: Your system is resistant to poisons.
                  | (rPois) [Jiyva's grace]
  4991 | D:8      | Gained mutation: You are somewhat resistant to further
                  | mutation. [Jiyva's grace]
  4991 | D:8      | Gained mutation: You are somewhat resistant to both further
                  | mutation and mutation removal. [Jiyva's grace]
  4991 | D:8      | Gained mutation: You are almost entirely resistant to
                  | further mutation and mutation removal. [Jiyva's grace]
  5066 | D:8      | Noticed Psyche
  5081 | D:8      | Killed Psyche
  5088 | D:8      | Found Kuefav's Antique Armour Shoppe.
  5109 | D:8      | Found Poleghav's Antique Weapon Shop.
  5216 | D:8      | Noticed Joseph
  5231 | D:8      | Reached skill level 5 in Maces & Flails
  5231 | D:8      | Reached XP level 10. HP: 44/86 MP: 10/10
  5240 | D:8      | Slain by Joseph

Illustrated notes

Levels and vault maps discovered:
D:1:      dpeg_arrival_circle_labyrinth_a, layout_loops_ring,
          corexii_leaking_fountain, nicolae_shop_vocational
D:2:      layout_rooms, basic_ecumenical_altar, kennysheep_small_spiral,
          minmay_pentomino_pile
D:3:      layout_rooms, serial_shops, nicolae_shop_competitors_out_of_business
D:4:      layout_loops_ring, mainiacjoe_overflow_boulevard, uniq_grinder
D:5:      layout_loops_cross, minmay_temple_entry_enclosed_plants,
          ebering_ghost_disaster_area
D:6:      cheibrodos_helix_gallery, layout_loops_ring, elyvilon_altar_3,
          mainiacjoe_overflow_tiny_flanked, nicolae_qazlal_scattered_showers,
          serial_rivers, chequers_serial_rivers_marsh,
          chequers_serial_rivers_micro_a, chequers_serial_rivers_small_3,
          chequers_serial_rivers_micro_c, uniq_menkaure
D:7:      layout_rooms, minitemple, uniq_crazy_yiuf_cottage
D:8:      layout_loops_ring, jmf_multi_god_temple, serial_shops, shop,
          nicolae_shop_trees, shop, nicolae_shop_stone, uniq_psyche, uniq_joseph

Skill      XL: |  1  2  3  4  5  6  7  8  9 |
---------------+----------------------------+-----
Axes           | 3 5 7 8 9 10 | 10.0
Fighting       | 4 5 6 7 |  7.5
Armour         | 4 5 6 |  6.9
Shields        | 4 6 |  6.2
Dodging        | 1 2 3 |  3.8
Throwing       | 1 |  1.8
Maces & Flails | 5 |  5.5
Stealth        | |  0.6

Action                     |  1- 3 |  4- 6 |  7- 9 | 10-12 || total
---------------------------+-------+-------+-------+-------++-------
  Melee: War axe           |    84 |    64 |    97 |       ||   245
         Pseudopods        |       |       |    46 |     2 ||    48
         Morningstar       |       |       |   123 |     7 ||   130
  Throw: Javelin           |       |    10 |     6 |       ||    16
         Throwing net      |       |       |     2 |       ||     2
    Use: Potion            |     1 |       |     1 |     1 ||     3
         Scroll            |     6 |       |     4 |     1 ||    11
 Armour: Scale mail        |    77 |    68 |     9 |       ||   154
         Ring mail         |       |       |   203 |    13 ||   216
  Dodge: Dodged            |    36 |    45 |   201 |     5 ||   287
  Block: Buckler           |    20 |    19 |    89 |     5 ||   133
         Form:             |       |       |     2 |       ||     2
         Blade             |       |       |     1 |       ||     1
         Death             |       |       |     1 |       ||     1

Table legend: (Time is in decaauts)
 A = Elapsed time spent in this place.
 B = Non-inter-level travel time spent in this place.
 C = Inter-level travel time spent in this place.
 D = Time resting spent in this place.
 E = Time spent auto-exploring this place.
 F = Levels seen in this place.
 G = Mean time per level.
                   A        B        C        D        E       F      G
               +--------+--------+--------+--------+--------+-----+--------+
         Total |   5355 |   5246 |    109 |    138 |      0 |   8 |  669.4 |
       Dungeon |   5355 |   5246 |    109 |    138 |      0 |   8 |  669.4 |
               +--------+--------+--------+--------+--------+-----+--------+

Top non-repeatable levels by time:
     D:5: 794 daAuts
     D:6: 767 daAuts
     D:1: 728 daAuts
     D:2: 698 daAuts
     D:7: 678 daAuts
     D:4: 674 daAuts
     D:3: 513 daAuts
     D:8: 498 daAuts
